 Adventure DCSS version bcrawl-1.32 (webtiles) character file.

Game seed: 16656020130096821243

94453 Leeroy the Slasher (level 3, 21/21 HPs)
             Began as a Skeleton Skald on Aug 1, 2021.
             Quit the game on level 3 of the Dungeon.
             The game lasted 00:04:04 (1864 turns).

Leeroy the Slasher (Skeleton Skald)                 Turns: 1864, Time: 00:04:05

Health: 21/21      AC:  4    Str: 17    XL:     3   Next: 42%
Magic:  7/7        EV: 12    Int: 12    God:
Gold:   11         SH:  1    Dex:  9    Spells: 0/8 levels left
                                        Lives:  1   Deaths: 1

rFire    . . .     SeeInvis .   a - +0 long sword
rCold    + . .     Gourm    .   (no shield)
rNeg     + + +     Faith    +   b - +1 leather armour
rPois    ∞         Spirit   +   (no helmet)
rElec    .         Reflect  .   (no cloak)
rCorr    .         Harm     .   (no gloves)
MR       .....                  (no boots)
Stlth    +.........             c - amulet of faith
HPRegen  0.07/turn              (no ring)
MPRegen  0.10/turn              (no ring)

@: no status effects
A: no food or potions, cold resistance 1, deterioration 1, negative energy
resistance 3, torment resistance, unbreathing, magic shield, sturdy frame 1,
spell healing
a: no special abilities


You were on level 3 of the Dungeon.
You were not hungry.

You visited 1 branch of the dungeon, and saw 3 of its levels.

You collected 11 gold pieces.

Inventory:

Hand Weapons
 a - a +0 long sword (weapon)
 f - a +2 hand axe of chopping
 i - a +0 dagger of flaming
Armour
 b - a +1 leather armour (worn)
Jewellery
 c - an amulet of faith (around neck)
 h - an uncursed amulet of rage {unknown}
Scrolls
 d - a scroll of fear
 e - 2 scrolls of enchant armour
 g - a scroll of enchant weapon {unknown}


   Skills:
 - Level 2.0 Fighting
 + Level 5.7 Long Blades
 - Level 1.1 Armour
 - Level 2.0 Dodging
 - Level 3.0 Spellcasting
 - Level 3.2 Charms


You couldn't memorise any spells.
You knew the following spells:

 Your Spells              Type           Power        Failure   Level  Hunger
a - Infusion              Chrm           #.......     7%          1    N/A
b - Swiftness             Chrm/Air       #.......     21%         2    N/A
c - Song of Slaying       Chrm           #.......     10%         2    N/A
d - Spectral Weapon       Hex/Chrm       #.......     36%         3    N/A

Your spell library contained the following spells:

 Spells                   Type           Power        Failure   Level  Hunger
 Ozocubu's Armour         Chrm/Ice       #.......     36%         3    N/A
 Regeneration             Chrm/Necr      Unusable     N/A         3    N/A

Dungeon Overview and Level Annotations

Branches:
Dungeon (3/12)

Altars:


Innate Abilities, Weirdness & Mutations

You do not eat or drink.
You are immune to poison.
Your flesh is cold resistant. (rC+)
Your body sometimes deteriorates upon taking damage.
You are immune to negative energy. (rN+++)
You are immune to unholy pain and torment.
You can survive without breathing.
When hurt, damage is shared between your health and your magic reserves.
Your movements are slightly less encumbered by armour. (ER -2)
Casting spells heals you.


Message History

Something hits you.
* * * LOW HITPOINT WARNING * * *
The orc hits you but does no damage.
You can't drink.
No path to travel!
Okay, then.
As you read the scroll labeled BEON JOLYZEUVU, it crumbles to dust.
It is a scroll of enchant armour.
Your +0 leather armour glows green for a moment.
Something hits you but does no damage.
You hit something.
You hear some strange, mumbled words.
A magic dart appears from out of thin air!
The magic dart hits you.
You die...
The orc closely misses you. Something hits you.
Xom reaches out...
You are now level 3!
You rejoin the land of the living...
Are you sure you want to abandon this character and quit the game? (Confirm with "yes".)

≈..#.
##†..###.### ..
# #.#......... #
#....##..###
#.......<...
#.#.....#### ##
##...#### #.
#....# #.##
##..(# #@#
#.#..# ##.#
#....#
#.##....#######.
#.#.#.....{o...
###...#######.
#....# #....#
#..... #.....


There were no monsters in sight!

Vanquished Creatures
  An adder (D:3)
  2 oozes (D:2)
  An adder skeleton (D:3)
  3 worms (D:2)
  3 dart slugs
  2 orcs
  3 ball pythons
  3 bats
  2 giant cockroaches
  8 goblins
  6 hobgoblins
  4 jackals (D:1)
  2 quokkas (D:3)
  4 frilled lizards
  12 kobolds
  A rat (D:1)
57 creatures vanquished.

Notes
Turn   | Place    | Note
-------+----------+-------------------------------------------
     0 | D:1      | Leeroy the Skeleton Skald began the quest for the Orb.
     0 | D:1      | Reached XP level 1. HP: 12/12 MP: 4/4
   138 | D:1      | Reached skill level 3 in Long Blades
   232 | D:1      | Reached XP level 2. HP: 17/17 MP: 6/6
   246 | D:1      | Learned a level 2 spell: Swiftness
   249 | D:1      | Learned a level 2 spell: Song of Slaying
   308 | D:1      | Reached skill level 4 in Long Blades
   476 | D:1      | Reached XP level 3. HP: 21/21 MP: 7/7
  1376 | D:2      | Reached skill level 5 in Long Blades
  1399 | D:2      | Learned a level 3 spell: Spectral Weapon
  1481 | D:2      | Reached XP level 4. HP: 20/26 MP: 6/8
  1541 | D:2      | Noticed a sky beast
  1861 | D:3      | HP: 1/26 [something (3)]
  1863 | D:3      | Killed from afar by an orc wizard
  1864 | D:3      | Reached XP level 3. HP: 0/21 MP: 0/7
  1864 | D:3      | Quit the game

Skill      XL: |  1  2  3 |
---------------+----------+-----
Long Blades    | 3 4 5 |  5.7
Fighting       | |  2.0
Armour         | |  1.1
Dodging        | |  2.0
Spellcasting   | |  3.0
Charms         | |  3.2

Action                   |  1- 3 |  4- 6 || total
-------------------------+-------+-------++-------
Melee: Long sword        |   117 |    61 ||   178
 Cast: Song of Slaying   |     1 |     1 ||     2
       Infusion          |     1 |       ||     1
       Swiftness         |       |     1 ||     1
  Use: Scroll            |       |     2 ||     2
Armor: Leather armour    |    27 |    12 ||    39
Dodge: Dodged            |    71 |    42 ||   113
Block: Other             |    18 |     2 ||    20
